 Dungeon Crawl Stone Soup version 0.18.1-50-g88ac8fd (webtiles) character file.

13295 blv the Severer (level 11, -5/113 HPs)
             Began as a Minotaur Berserker on Oct 24, 2016.
             Was a High Priest of Trog.
             Slain by an orc warrior
             ... wielding a +0 mace
             ... led by an orc high priest
              (17 damage)
             ... on level 1 of the Orcish Mines on Oct 25, 2016.
             The game lasted 00:52:26 (12991 turns).

blv the Severer (Minotaur Berserker)               Turns: 12991, Time: 00:52:26

Health: -5/113     AC: 14    Str: 24    XL:     11   Next: 73%
Magic:  10/10      EV:  9    Int:  4    God:    Trog [*****.]
Gold:   464        SH:  0    Dex: 11    Spells: 0 memorised, 10 levels left

rFire  . . .     SeeInvis +     j - +0 battleaxe
rCold  . . .     Gourm    .     D - +0 plate armour
rNeg   . . .     Faith    .     (shield currently unavailable)
rPois  +         Spirit   .     (helmet restricted)
rElec  .         Dismiss  .     C - +1 cloak {rPois}
rCorr  .         Reflect  .     f - +0 pair of gloves
SustAt .         Harm     .     (no boots)
MR     .....                    (no amulet)
Stlth  ..........               F - ring of see invisible
                                z - +2 ring of evasion

@: exhausted, about to teleport, slowed, very slow, not resistant to hostile
enchantments, extremely unstealthy
A: retaliatory headbutt, horns 2
a: Berserk, Trog's Hand, Brothers in Arms, Burn Spellbooks, Renounce Religion


You were on level 1 of the Orcish Mines.
You worshipped Trog.
Trog was extremely pleased with you.
You were hungry.

You visited 3 branches of the dungeon, and saw 12 of its levels.

You collected 829 gold pieces.
You spent 365 gold pieces at shops.

Inventory:

Hand Weapons
 j - a +0 battleaxe (weapon)
 y - a +4 spear
 M - a +2 battleaxe of venom
Armour
 e - a +2 cloak
 f - a +0 pair of gloves (worn)
 C - a +1 cloak of poison resistance (worn)
 D - a +0 plate armour (worn)
 G - the +3 ring mail of the Countless Orbs {rPois rC+++ MR- Slay-4}
   (You found it on level 9 of the Dungeon)

   It affects your accuracy and damage with ranged weapons and melee attacks
   (-4).
   It renders you almost immune to cold.
   It protects you from poison.
   It affects your resistance to hostile enchantments.
Jewellery
 m - an uncursed ring of stealth {unknown}
 t - an uncursed ring of fire
 z - a +2 ring of evasion (left hand)
 A - a +2 ring of strength
 F - a ring of see invisible (right hand)
Wands
 d - a wand of flame (4/48)
 h - a wand of enslavement (13/24)
 r - a wand of flame (17/48)
 w - a wand of teleportation (2/9)
 L - a wand of slowing (20/48)
Scrolls
 a - a scroll of blinking
 b - 2 scrolls of remove curse
 v - 2 scrolls of enchant armour
 x - a scroll of teleportation
 B - a scroll of magic mapping
 H - a scroll of identify
Potions
 g - 6 potions of curing
 i - a potion of haste
 l - a potion of ambrosia
 o - a potion of magic
 p - 2 potions of agility
 q - a potion of brilliance
 s - 3 potions of might
 u - 2 potions of flight
Books
 I - a book of Air

   Spells                             Type                      Level
   a - Shock                          Conjuration/Air              1
   b - Swiftness                      Charms/Air                   2
   c - Repel Missiles                 Charms/Air                   2
   d - Static Discharge               Conjuration/Air              3
   e - Lightning Bolt                 Conjuration/Air              5
   Trog disapproves of the use of such an item.
 J - a book of Changes

   Spells                             Type                      Level
   a - Beastly Appendage              Transmutation                1
   b - Sticks to Snakes               Transmutation                2
   c - Spider Form                    Transmutation/Poison         3
   d - Ice Form                       Ice/Transmutation            4
   e - Blade Hands                    Transmutation                5
   Trog disapproves of the use of such an item.
Comestibles
 c - 11 bread rations
 k - 3 fruits
 n - 4 meat rations
 E - 7 slices of pizza
 K - a chunk of flesh


   Skills:
 + Level 15.4 Fighting
 + Level 15.6 Axes
 - Level 2.4 Armour
 - Level 2.1 Dodging


You had 10 spell levels left.
You didn't know any spells.

Dungeon Overview and Level Annotations

Branches:
Dungeon (10/15)            Temple (1/1) D:6             Orc (1/2) D:9
   Lair: D:8-11

Altars:
Ashenzari
Cheibriados
Dithmenos
Elyvilon
Fedhas
Gozag
Kikubaaqudgha
Makhleb
Nemelex Xobeh
Okawaru
Pakellas
Qazlal
Ru
Sif Muna
Trog
Vehumet
Xom
Yredelemnul
Zin
The Shining One

Shops:
D:6 [*   D:8 ?=[


Innate Abilities, Weirdness & Mutations

You reflexively headbutt those who attack you in melee.
You have a pair of horns on your head.


Message History

The tomahawk completely misses your ogre.
The tomahawk hits you but does no damage.
You see here a tomahawk.
Read which item? (? for menu, Esc to quit)
As you read the scroll of teleportation, it crumbles to dust.
You feel strangely unstable.
Your ogre barely misses the orc warrior.
The gnoll shaman hits you but does no damage.
The orc warrior barely misses your ogre.
The orc high priest calls upon Beogh to heal the orc warrior.
The orc warrior is healed somewhat.
The orc warrior throws a tomahawk.
The tomahawk hits your ogre!
The orange demon stings you but does no damage.
The gnoll shaman hits you but does no damage.
Your ogre barely misses the orc warrior.
The orc warrior hits your ogre with a long sword!!
Your ogre dies!
Your ogre's corpse disappears in a puff of smoke!
The orc warrior hits you with a mace!
You die...

#.......#.....### ####.#..#
.......)#.......###.........
#...#.)).#.......#...........
.$.....).[....#.## .........#
#....#...))......###...#...#
###.##..)........##.)......##
#.#.................##....##
...#............#.....#....#
...#...........@oo#..).g...#
#..##..#.#....).g§oog.÷#...#####
#. ###...#.#...o4o..go..[).)#..
#...#.........4#.......).oo
#....##.......).)........#o.
##.. #.......)..........##. ..
#.........#.....#.## #
........>..........#
.......#............#


You could see an orc high priest, 2 orange demons, 4 orc warriors, a gnoll
shaman, 2 orc priests and 2 gnolls.

Vanquished Creatures
  An unseen horror (D:10)
  A hill giant (D:10)
  Pikel (D:8)
  An ugly thing (D:9)
  2 deep elf magi (Orc:1)
  Prince Ribbit (D:8)
  3 trolls
  Eustachio (D:5)
  4 yaks (D:10)
  A steam dragon (D:10)
  A human (D:7)
  Grum (D:8)
  A hungry ghost (D:8)
  2 hippogriffs (D:10)
  A warg (Orc:1)
  5 ice beasts
  13 orc warriors
  A wasp (D:8)
  3 phantoms
  3 black bears
  4 sky beasts
  5 ogres
  6 centaurs
  2 wolves (D:8)
  2 eyes of draining (D:3)
  A crocodile (D:8)
  2 big kobolds
  4 giant frogs
  A wyvern skeleton (D:6)
  5 scorpions
  7 killer bees
  5 howler monkeys
  2 vampire bats (D:8)
  8 crimson imps
  A giant frog zombie (D:6)
  A quasit (D:6)
  4 hounds
  6 orc priests
  5 jellies
  A giant frog skeleton (D:10)
  A gnoll shaman (Orc:1)
  An iron imp (Orc:1)
  13 orc wizards
  Terence (D:2)
  8 iguanas
  Natasha (thrice) (D:2)
  9 worker ants
  4 sheep (D:7)
  A killer bee zombie (D:10)
  2 hound zombies
  A hound skeleton (D:5)
  A mummy (D:8)
  A howler monkey zombie (D:10)
  7 gnolls
  8 adders
  2 shadow imps
  A white imp (Orc:1)
  An ooze (D:1)
  3 worms
  A dart slug (D:1)
  5 giant geckos
  48 orcs
  8 giant cockroaches
  9 hobgoblins
  9 jackals
  15 kobolds
  3 quokkas
  A ball python (D:3)
  10 bats
  5 giant newts
  6 goblins
  A jackal zombie (D:8)
  4 rats
312 creatures vanquished.

Vanquished Creatures (collateral kills)
  An orc sorcerer (Orc:1)
  An ice statue (D:8)
  2 hungry ghosts
  An orc warrior (Orc:1)
  2 kobolds (D:7)
7 creatures vanquished.

Vanquished Creatures (others)
  4 slaves (D:8)
  An orc priest (Orc:1)
  An orc wizard (D:9)
  An adder (D:8)
  An orc (Orc:1)
8 creatures vanquished.

Grand Total: 327 creatures vanquished

Notes
Turn   | Place    | Note
--------------------------------------------------------------
     0 | D:1      | blv the Minotaur Berserker began the quest for the Orb.
     0 | D:1      | Reached XP level 1. HP: 19/19 MP: 0/0
   226 | D:1      | Reached XP level 2. HP: 18/27 MP: 1/1
   959 | D:2      | Found a shadowy altar of Dithmenos.
  1041 | D:2      | Reached XP level 3. HP: 24/33 MP: 2/2
  1115 | D:2      | Reached ** piety under Trog
  1258 | D:2      | Noticed Natasha
  1267 | D:2      | Killed Natasha
  1267 | D:2      | Reached skill level 5 in Axes
  1267 | D:2      | Reached XP level 4. HP: 12/41 MP: 3/3
  1465 | D:2      | Noticed Natasha
  1472 | D:2      | Killed Natasha
  1472 | D:2      | Reached skill level 5 in Fighting
  1571 | D:2      | Found an opulent altar of Gozag.
  1573 | D:2      | Noticed Terence
  1584 | D:2      | Killed Terence
  1717 | D:2      | Noticed Natasha
  1721 | D:2      | Killed Natasha
  1721 | D:2      | Reached XP level 5. HP: 48/48 MP: 4/4
  2301 | D:3      | Found an ancient bone altar of Kikubaaqudgha.
  2409 | D:3      | Found a deep blue altar of Sif Muna.
  2455 | D:3      | HP: 1/75 [iguana (11)]
  2462 | D:3      | Noticed an eye of draining
  2867 | D:3      | Found a bloodstained altar of Trog.
  2867 | D:3      | Noticed an eye of draining
  2873 | D:3      | Killed an eye of draining
  2873 | D:3      | Reached XP level 6. HP: 58/58 MP: 0/5
  3490 | D:4      | Reached *** piety under Trog
  3572 | D:4      | Reached XP level 7. HP: 66/66 MP: 6/6
  4251 | D:5      | Entered Level 5 of the Dungeon
  4320 | D:5      | Noticed Eustachio
  4334 | D:5      | Killed Eustachio
  4435 | D:5      | Found a basalt altar of Yredelemnul.
  4660 | D:5      | Reached XP level 8. HP: 71/75 MP: 7/7
  4858 | D:5      | Found an iron altar of Okawaru.
  5018 | D:5      | Reached **** piety under Trog
  5137 | D:6      | Found Cepoisu's Antique Armour Emporium.
  5140 | D:6      | Bought a pair of gloves for 94 gold pieces
  5266 | D:6      | Reached skill level 10 in Axes
  5411 | D:6      | Reached skill level 10 in Fighting
  5526 | D:6      | Found Xaog's Assorted Antiques.
  5538 | D:6      | Bought a scroll of identify for 46 gold pieces
  5538 | D:6      | Bought a coral ring for 115 gold pieces
  5548 | D:6      | Found a staircase to the Ecumenical Temple.
  5566 | D:6      | Reached XP level 9. HP: 77/86 MP: 8/8
  5585 | Temple   | Entered the Ecumenical Temple
  7014 | D:7      | Found a shimmering altar of Xom.
  7362 | D:7      | You fall through a shaft!
  7412 | D:8      | Found Uryqusib's Jewellery Emporium.
  7578 | D:8      | Noticed an ice statue
  7729 | D:8      | Noticed Pikel
  7734 | D:8      | Killed Pikel
  7734 | D:8      | Reached XP level 10. HP: 99/99 MP: 9/9
  7758 | D:8      | Killed an ice statue
  8126 | D:8      | Noticed Grum
  8135 | D:8      | Killed Grum
  8981 | D:8      | Found Zagu's Armour Shop.
  9077 | D:8      | Found a snail-covered altar of Cheibriados.
  9077 | D:8      | Noticed Prince Ribbit
  9320 | D:8      | Found Hokkaicag's Magic Scroll Shoppe.
  9328 | D:8      | Bought a scroll of identify for 28 gold pieces
  9547 | D:8      | Bought a +2 ring of strength for 82 gold pieces
  9971 | D:8      | Killed Prince Ribbit
  9989 | D:8      | Gained mutation: Your muscles are strong. (Str +2) [potion of mutation]
  9989 | D:8      | Gained mutation: Your body sometimes deteriorates upon taking damage. [potion of mutation]
 10125 | D:8      | Gained mutation: Your spells are a little easier to cast, but a little less powerful. [potion of mutation]
 10125 | D:8      | Lost mutation: Your body sometimes deteriorates upon taking damage. [potion of mutation]
 10125 | D:8      | Gained mutation: You have sharp toenails. [potion of mutation]
 10155 | D:9      | Lost mutation: Your muscles are strong. (Str +2) [potion of cure mutation]
 10155 | D:9      | Lost mutation: You have sharp toenails. [potion of cure mutation]
 10155 | D:9      | Lost mutation: Your spells are a little easier to cast, but a little less powerful. [potion of cure mutation]
 10165 | D:9      | Found a staircase to the Orcish Mines.
 10312 | D:9      | Noticed a red ugly thing
 10322 | D:9      | Killed a red ugly thing
 10521 | D:9      | Found a sparkling altar of Nemelex Xobeh.
 10758 | D:9      | Received a gift from Trog
 10912 | D:9      | Got an ichor-stained ring mail
 10923 | D:9      | Identified the +3 ring mail of the Countless Orbs {rPois rC+++ MR- Slay-4} (You found it on level 9 of the Dungeon)
 10982 | D:9      | Found a white marble altar of Elyvilon.
 11055 | D:10     | Entered Level 10 of the Dungeon
 11193 | D:10     | Reached XP level 11. HP: 104/110 MP: 10/10
 11275 | D:10     | Reached ***** piety under Trog
 11295 | D:10     | Noticed a hill giant
 11305 | D:10     | Killed a hill giant
 11470 | D:10     | Noticed an unseen horror
 11484 | D:10     | Killed an unseen horror
 12380 | Orc:1    | Entered Level 1 of the Orcish Mines
 12408 | Orc:1    | Reached skill level 15 in Axes
 12420 | Orc:1    | Noticed an orc sorcerer
 12428 | Orc:1    | Reached skill level 15 in Fighting
 12433 | Orc:1    | Killed an orc sorcerer
 12658 | Orc:1    | Noticed a deep elf mage
 12669 | Orc:1    | Killed a deep elf mage
 12782 | Orc:1    | Noticed a deep elf mage
 12790 | Orc:1    | Killed a deep elf mage
 12964 | Orc:1    | Received a gift from Trog
 12970 | Orc:1    | Noticed an orc high priest
 12991 | Orc:1    | Slain by an orc warrior

Skill      XL: |  1  2  3  4  5  6  7  8  9 10 11 |
---------------+----------------------------------+-----
Axes           | 4 5 6 7 8 10 12 14 15 | 15.6
Fighting       | 4 5 6 7 8 10 12 14 15 | 15.4
Armour         | |  2.4
Dodging        | |  2.1

Action                   |  1- 3 |  4- 6 |  7- 9 | 10-12 || total
-------------------------+-------+-------+-------+-------++-------
Melee: Hand axe          |    67 |   119 |   115 |       ||   301
       Headbutt          |     9 |    20 |    64 |    67 ||   160
       Battleaxe         |       |       |   155 |   367 ||   522
       Kick              |       |       |       |     3 ||     3
Invok: Berserk           |     1 |     6 |     4 |     4 ||    15
       Brothers in Arms  |       |       |     1 |     7 ||     8
       Burn Spellbooks   |       |       |       |     2 ||     2
Evoke: Wand              |       |       |     4 |       ||     4
  Use: Scroll            |       |     5 |     9 |     4 ||    18
       Potion            |       |     3 |       |    11 ||    14
  Eat: Chunk             |     1 |     8 |    13 |    10 ||    32
       Meat ration       |       |     1 |     1 |     2 ||     4
       Beef jerky        |       |     1 |     1 |     2 ||     4
       Pizza             |       |       |     2 |       ||     2
Armor: Animal skin       |    13 |     2 |       |       ||    15
       Chain mail        |       |    37 |   131 |       ||   168
       Plate armour      |       |       |    57 |   209 ||   266
Dodge: Dodged            |    43 |    40 |   159 |   167 ||   409
